 Dungeon Crawl Stone Soup version 0.29.0 (webtiles) character file.

Game seed: 3721984627802014084

20 gelatine the Stinger (level 2, -4/19 HPs)
             Began as a Demonspawn Venom Mage on Aug 24, 2022.
             Frozen to death by an endoplasm (5 damage)
             ... on level 1 of the Dungeon.
             The game lasted 00:01:46 (307 turns).

gelatine the Stinger (Demonspawn Venom Mage)         Turns: 307, Time: 00:01:47

Health: -4/19      AC:  2    Str:  8    XL:     2   Next: 58%
Magic:  3/5        EV: 12    Int: 16    God:
Gold:   5          SH:  0    Dex: 13    Spells: 4/5 levels left

rFire   . . .      SeeInvis .   d - +0 dagger
rCold   . . .      Faith    .   (no shield)
rNeg    . . .      Spirit   .   a - +0 robe
rPois   .          Reflect  .   (no helmet)
rElec   .          Harm     .   (no cloak)
rCorr   .          Rampage  .   (no gloves)
Will    .....                   (no boots)
Stlth   ++........              (no amulet)
HPRegen 0.06/turn               (no ring)
MPRegen 0.09/turn               (no ring)

@: very slightly contaminated
A: demonic guardian 1
a: no special abilities


You were on level 1 of the Dungeon.
You visited 1 branch of the dungeon, and saw 1 of its levels.

You collected 5 gold pieces.

Inventory:

Hand Weapons
 d - a +0 dagger (weapon)
Armour
 a - a +0 robe (worn)
Scrolls
 c - a scroll of magic mapping {unknown}


   Skills:
 + Level 0.2 Short Blades
 + Level 1.8 Dodging
 + Level 2.0 Stealth
 + Level 2.2 Spellcasting
 + Level 1.0 Transmutations
 + Level 3.4 Poison Magic


You had 4 spell levels left.
You knew the following spells:

 Your Spells              Type           Power      Damage    Failure   Level
a - Sting                 Tmut/Pois      32%        1d4       9%          1

Your spell library contained the following spells:

 Spells                   Type           Power      Damage    Failure   Level
 Poisonous Vapours        Pois/Air       14%        N/A       16%         2
 Mephitic Cloud           Conj/Pois/Air  5%         N/A       36%         3
 Olgreb's Toxic Radiance  Pois           12%        N/A       45%         4


Dungeon Overview and Level Annotations

Branches:
Dungeon (1/15)

Altars:


Innate Abilities, Weirdness & Mutations

A weak demonic guardian rushes to your aid.


Message History

Confirm with . or Enter, or press ? or * to list all spells.
Aiming: Sting (safe; 9% risk of failure)
Press: ? - help, Shift-Dir - straight line, f - jackal
Aim: a jackal (moderately wounded, ally target, 60% to hit)
You miscast Sting.
You are very lightly contaminated with residual magic.
Nothing appears to happen.
The jackal bites you but does no damage. x2
Your shadow imp hits the jackal.
The endoplasm barely misses your shadow imp.
Casting: Sting (safe; 9% risk of failure)
Confirm with . or Enter, or press ? or * to list all spells.
Aiming: Sting (safe; 9% risk of failure)
Press: ? - help, Shift-Dir - straight line, f/p - jackal
Aim: a jackal (severely wounded, ally target, 60% to hit)
The sting hits the jackal but does no damage.
The jackal is poisoned.
The jackal is severely wounded.
The jackal closely misses you.
Your shadow imp hits the jackal.
The endoplasm closely misses your shadow imp.
You hit the jackal but do no damage.
The jackal is almost dead.
You kill the jackal!
Your shadow imp barely misses the endoplasm.
You hit the endoplasm.
The endoplasm is heavily wounded.
Your shadow imp hits the endoplasm.
The endoplasm hits you.
* * * LOW HITPOINT WARNING * * *
A demonic guardian appears!
The quokka bites your shadow imp. x2
Your shadow imp hits the quokka but does no damage.
Casting: Sting (safe; 9% risk of failure)
Confirm with . or Enter, or press ? or * to list all spells.
Aiming: Sting (safe; 9% risk of failure)
Press: ? - help, Shift-Dir - straight line, f - endoplasm
Aim: an endoplasm (severely wounded, ally target, 97% to hit)
You miscast Sting.
Nothing appears to happen.
The endoplasm freezes you.
You are frozen.
You die...

.....# #.#
#.####....†....
#...#####.#
###..............
..........#
................>
###############.........#
.......##.....#.........#
.....####.....#.........#
..............####..#####
..†.............5...#
.........######.@Jr5#
+#'#####........###)#
.....) #.#####..# #†#
...... #.# #..# #r#
...... #.# #..# #l#
.......+.# #..# #$#
.......### .... ..#
...... ... ..# ###### #.#


You could see an endoplasm (ally target), a quokka (ally target), a friendly
white imp (summoned) and a friendly shadow imp (summoned).

Vanquished Creatures
  A bat (D:1)
  An endoplasm (D:1)
  2 giant cockroaches (D:1)
  A goblin (D:1)
  A hobgoblin (D:1)
  4 jackals (D:1)
  A kobold (D:1)
11 creatures vanquished.

Vanquished Creatures (collateral kills)
  3 jackals (D:1)
  A ball python (D:1)
4 creatures vanquished.

Grand Total: 15 creatures vanquished

Notes
Turn   | Place    | Note
-------+----------+-------------------------------------------
     0 | D:1      | gelatine the Demonspawn Venom Mage began the quest for the
                  | Orb.
     0 | D:1      | Reached XP level 1. HP: 13/13 MP: 3/3
   251 | D:1      | Gained mutation: A weak demonic guardian rushes to your
                  | aid. [demonic ancestry]
   251 | D:1      | Reached XP level 2. HP: 19/19 MP: 1/5
   298 | D:1      | Reached skill level 1 in Transmutations
   307 | D:1      | Frozen to death by an endoplasm

Illustrated notes

Levels and vault maps discovered:
D:1:      psy_arrival_basics, layout_basic, serial_shops, shop

Skill      XL: |  1  2 |
---------------+-------+-----
Stealth        | 2 |  2.0
Transmutations | 1 |  1.0
Short Blades   | |  0.2
Dodging        | |  1.8
Spellcasting   | |  2.2
Poison Magic   | |  3.4

Action                   || total
-------------------------++-------
Melee: Dagger            ||    28
 Cast: Sting             ||    12
  Use: Potion            ||     1
Armor: Robe              ||     9
Dodge: Dodged            ||    28
